 Dungeon Crawl Stone Soup version 0.29.0-4-gdea44cf6ec (webtiles) character file.

Game seed: 18106436346767243473

19159 qw the Cleaver (level 12, -2/77 HPs)
             Began as a Gargoyle Fighter on Sept 10, 2022.
             Was the Champion of Okawaru.
             Killed by divine providence
             ... invoked by an orc priest
              (12 damage)
             ... on level 11 of the Dungeon.
             The game lasted 00:03:47 (10719 turns).

qw the Cleaver (Gargoyle Fighter)                  Turns: 10719, Time: 00:03:47

Health: -2/77      AC: 24    Str: 27    XL:     12   Next: 66%
Magic:  14/19      EV: 13    Int: 11    God:    Okawaru [******]
Gold:   644        SH: 20    Dex: 15    Spells: 11/11 levels left

rFire   + . .      SeeInvis .   Y - +0 broad axe (elec)
rCold   . . .      Faith    .   v - +2 kite shield
rNeg    + . .      Spirit   .   u - +2 scale mail {rF+}
rPois   inf        Reflect  +   s - +1 helmet
rElec   +          Harm     .   (no cloak)
rCorr   .          Rampage  .   i - +1 pair of gloves
Will    .....                   (no boots)
Stlth   ++........              g - amulet of reflection
HPRegen 0.22/turn               k - ring "Uplab" {Str+4 Dex+6}
MPRegen 0.16/turn               (no ring)

@: heroic, finesse-ful
A: sickness immunity, AC +8, negative energy resistance 1, electricity
resistance, torment resistance 1, petrification resistance, hooves 1, sense
surroundings 1, wild magic 1
a: Renounce Religion, Heroism, Finesse, Duel


You were on level 11 of the Dungeon.
You worshipped Okawaru.
Okawaru was exalted by your worship.
You visited 1 branch of the dungeon, and saw 11 of its levels.

You collected 644 gold pieces.


Innate Abilities, Weirdness & Mutations

You are immune to sickness and miasma.
Your stone body is resilient. (AC +8)
You are immune to poison.
You resist negative energy. (rN+)
You are resistant to electric shocks. (rElec)
You are resistant to unholy torment.
You are immune to petrification.
You have large cloven feet.
You passively map a small area around you.
Your spells are a little harder to cast, but a little more powerful.


   Skills:
 - Level 9.8(14.8) Fighting
 - Level 12.0(17.0) Axes
 + Level 3.1(8.1) Throwing
 - Level 5.0(10.0) Armour
 - Level 3.0(8.0) Dodging
 - Level 9.5(14.5) Shields
 - Level 10.0 Invocations


You had 11 spell levels left.
You didn't know any spells.
Your spell library was empty.

Inventory:

Hand Weapons
 r - a +0 demon whip of venom
 Y - a +0 broad axe of electrocution (weapon)
Missiles
 h - 5 boomerangs (quivered)
 x - a silver javelin
Armour
 a - a +0 chain mail
 c - a +0 tower shield
 i - a +1 pair of gloves (worn)
 l - a scarf of repulsion
 s - a +1 helmet (worn)
 t - the +4 ring mail of Articulation {rPois rF- Regen+ Dex+8}
   (Okawaru gifted it to you on level 11 of the Dungeon)

   Dex:       It affects your dexterity (+8).
   rF:        It makes you vulnerable to fire.
   rPois:     It protects you from poison.
   Regen:     It increases your rate of health regeneration.
 u - a +2 scale mail of fire resistance (worn)
 v - a +2 kite shield (worn)
 y - a scarf of shadows
 z - a +0 plate armour
Jewellery
 g - an amulet of reflection (around neck)
 k - the ring "Uplab" (left hand) {Str+4 Dex+6}
   (You acquired it on level 3 of the Dungeon)

   [ring of dexterity]

   Str:       It affects your strength (+4).
   Dex:       It affects your dexterity (+6).
Scrolls
 f - 2 scrolls of identify
 n - 2 scrolls of blinking
 w - a scroll of teleportation
Potions
 b - a potion of lignification
 d - 2 potions of might
 e - 5 potions of magic
 j - 11 potions of curing
 m - a potion of heal wounds
 o - 4 potions of resistance
 p - a potion of mutation
 q - a potion of attraction {unknown}

Dungeon Overview and Level Annotations

Branches:
Dungeon (11/15)            Temple (0/1) D:7            Lair (0/5) D:11
    Orc: D:9-12

Altars:
Dithmenos
Hepliaklqana
Kikubaaqudgha
Nemelex Xobeh
Okawaru
Qazlal
Ru
Wu Jian
Xom
Zin
The Shining One

Shops:
D:10 :

Annotations:
D:7 3 runed translucent doors, qw's ghost, novice MiBe


Message History

The fire dragon is almost dead.
You hit the boulder beetle but do no damage.
The tengu warrior blocks your attack. The boulder beetle hits you!
The boulder beetle stops rolling and uncurls.
The fire dragon closely misses you. You block the fire dragon's attack. x2
You block the tengu warrior's attack. The tengu warrior barely misses you.
You block the tengu warrior's attack.
You barely miss the fire dragon.
The fire dragon is almost dead.
You slash the boulder beetle!
You kill the boulder beetle!
Okawaru accepts your kill.
You miss the tengu warrior.
Your base Shields skill increases to level 9!
You closely miss the fire dragon. You kick the fire dragon.
The fire dragon is almost dead.
You miss the tengu warrior. You slash the fire dragon!
You kill the fire dragon!
Okawaru is honoured by your kill.
You slash the tengu warrior!
Your surroundings suddenly seem different.
An orc wizard, 2 orc warriors, 5 orcs and 2 orc priests come into view.
The orc shouts!
The orc warrior shouts!
The orc wizard shouts!
The orc shouts!
The orc priest shouts!
The orc shouts! x2; The orc priest shouts!
The orc warrior shouts!
An orc warrior comes into view. It is wielding a +0 hand axe.
An orc comes into view. It is wielding a +0 whip.
The orc priest casts a cantrip, but nothing happens.
You hear a shout!
Enter note: The orc shouts! x2
You hit the orc wizard but do no damage.
You barely miss the orc wizard.
The orc priest mumbles some strange prayers to Beogh against you.
Beogh smites you!
The orc priest calls down the wrath of Beogh upon you.
Beogh smites you!
You die...

* ## * * *##8##*
~ , ,#..@# *
..oo.o.oo...o# ,
,o.o....oo......#
..........o..#.#
#...#...#...##.#
* 8
##.###8###.###.#
## ## ## #.# #.#
### #.# #..


You could see 3 orc warriors, 2 orc priests, an orc wizard and 5 orcs.

Vanquished Creatures
  Gastronok (D:8)
  A quicksilver ooze (shapeshifter) (D:8)
  A fire dragon (D:11)
  Josephine (D:10)
  A boulder beetle (D:11)
  2 hydras
  2 two-headed ogres
  Erica (D:8)
  3 centaur warriors
  Amaemon (D:7)
  An ugly thing (D:8)
  Joseph (D:10)
  An orange demon (D:8)
  2 gargoyles (D:10)
  A kobold demonologist (D:11)
  A komodo dragon (D:11)
  A meliai (D:11)
  3 trolls
  A hornet (D:9)
  A shadow (D:8)
  9 yaks
  6 wraiths
  A wyvern (D:8)
  3 steam dragons
  An acid dragon (D:11)
  3 water moccasins (D:8)
  A sky beast (D:8)
  3 orc warriors
  4 ice beasts
  2 black bears
  6 centaurs
  An ogre (D:7)
  2 kobold brigands
  6 bullfrogs
  A gnoll sergeant (D:8)
  A necrophage (D:6)
  2 scorpions
  7 wights (D:8)
  8 killer bees
  5 howler monkeys
  A jelly (D:6)
  4 hounds
  6 orc priests
  A gnoll bouda (D:8)
  Ijyb (D:4)
  4 orc wizards
  6 adders
  5 gnolls
  4 shadow imps
  A white imp (D:8)
  2 ufetubi
  4 worms
  9 dart slugs
  24 orcs
  6 ball pythons
  7 bats
  5 endoplasms
  A giant cockroach (D:3)
  14 goblins
  11 hobgoblins
  8 jackals
  5 quokkas
  2 frilled lizards
  23 kobolds
  5 rats
258 creatures vanquished.

Vanquished Creatures (others)
  4 fungi (D:11)
  7 plants (D:11)
11 creatures vanquished.

Grand Total: 269 creatures vanquished

Notes
Turn   | Place    | Note
-------+----------+-------------------------------------------
     0 | D:1      | qw the Gargoyle Fighter began the quest for the Orb.
     0 | D:1      | Reached XP level 1. HP: 14/14 MP: 1/1
     0 | D:1      | 0 ||| qw: Version: 0.1-a-116-g5d60599
     0 | D:1      | 0 ||| qw: Game counter: 7552
     0 | D:1      | 0 ||| qw: Always use a shield: true
     0 | D:1      | 0 ||| qw: God list: Okawaru
     0 | D:1      | 0 ||| qw: Allow faded altars: false
     0 | D:1      | 0 ||| qw: Do Orc after D:15 true
     0 | D:1      | 0 ||| qw: Do second Lair branch before Depths: true
     0 | D:1      | 0 ||| qw: Lair rune preference: random
     0 | D:1      | 0 ||| qw: Plans: Normal, Zot, God:TSO, Crypt, Tomb, Zig,
                  | Orb
     0 | D:1      | 0 ||| PLANNING D:1-11
    55 | D:1      | Reached skill level 2 in Axes
    64 | D:1      | Found a faded altar of an unknown god.
    79 | D:1      | Reached XP level 2. HP: 19/19 MP: 2/2
   102 | D:1      | 102 ||| Stepping ~*~*~tactically~*~*~ (hiding).
   340 | D:1      | 340 ||| Stepping ~*~*~tactically~*~*~ (hiding).
   342 | D:1      | 342 ||| Stepping ~*~*~tactically~*~*~ (hiding).
   463 | D:1      | Reached skill level 3 in Axes
   513 | D:1      | Reached XP level 3. HP: 23/23 MP: 3/3
   540 | D:1      | 540 ||| Stepping ~*~*~tactically~*~*~ (stealth).
   801 | D:1      | 801 ||| Stepping ~*~*~tactically~*~*~ (stealth).
   802 | D:1      | 802 ||| Stepping ~*~*~tactically~*~*~ (stealth).
   912 | D:1      | 912 ||| Stepping ~*~*~tactically~*~*~ (stealth).
   922 | D:1      | 922 ||| Stepping ~*~*~tactically~*~*~ (stealth).
  1077 | D:1      | 1077 ||| UPGRADING to +0 pair of gloves.
  1082 | D:1      | 1082 ||| READING 2 scrolls labelled KUIN BION WEMO.
  1083 | D:1      | 1083 ||| READING 2 scrolls labelled BAAQOCVEDIG.
  1084 | D:1      | 1084 ||| READING scroll labelled OSHAJI YGGERA.
  1085 | D:1      | 1085 ||| DRINKING 2 viscous black potions.
  1086 | D:1      | 1086 ||| DROPPING scroll of amnesia.
  1087 | D:1      | 1087 ||| DROPPING potion of invisibility.
  1653 | D:2      | Reached XP level 4. HP: 28/28 MP: 4/4
  1653 | D:2      | 1653 ||| Stepping ~*~*~tactically~*~*~ (stealth).
  2003 | D:2      | 2003 ||| UPGRADING to amulet of reflection.
  2008 | D:2      | 2008 ||| READING 2 scrolls labelled REROEQARPHU.
  2013 | D:2      | 2013 ||| READING scroll labelled GOSAUP HEIQAEB.
  2014 | D:2      | 2014 ||| READING 2 scrolls labelled LIFOAT NOTARPHA.
  2015 | D:2      | 2015 ||| DRINKING 5 emerald potions.
  2016 | D:2      | 2016 ||| DRINKING 2 blue potions.
  2117 | D:2      | 2117 ||| DROPPING scroll of fear.
  2118 | D:2      | 2118 ||| DROPPING potion of ambrosia.
  2155 | D:3      | Reached skill level 4 in Axes
  2234 | D:3      | 2234 ||| Stepping ~*~*~tactically~*~*~ (hiding).
  2381 | D:3      | 2381 ||| Stepping ~*~*~tactically~*~*~ (stealth).
  2382 | D:3      | 2382 ||| Stepping ~*~*~tactically~*~*~ (stealth).
  2392 | D:3      | 2392 ||| DROPPING +0 club.
  2442 | D:3      | 2442 ||| Stepping ~*~*~tactically~*~*~ (hiding).
  2454 | D:3      | 2454 ||| Stepping ~*~*~tactically~*~*~ (stealth).
  2456 | D:3      | 2456 ||| Stepping ~*~*~tactically~*~*~ (hiding).
  2457 | D:3      | 2457 ||| Stepping ~*~*~tactically~*~*~ (hiding).
  3018 | D:3      | 3018 ||| READING scroll labelled OREHEPROILEU.
  3018 | D:3      | Identified a scroll of acquirement
  3018 | D:3      | 3018 ||| ACQUIRING ring "Uplab" {Str+4 Dex+6}
  3018 | D:3      | Acquired the ring "Uplab" {Str+4 Dex+6}
  3020 | D:3      | 3020 ||| UPGRADING to ring "Uplab" {Str+4 Dex+6}.
  3021 | D:3      | 3021 ||| READING scroll labelled QEWNUKL MYDE.
  3022 | D:3      | 3022 ||| DRINKING 3 purple potions.
  3023 | D:3      | 3023 ||| READING 2 scrolls of identify.
  3023 | D:3      | 3023 ||| IDENTIFYING fizzy orange potion
  3024 | D:3      | 3024 ||| DROPPING potion of brilliance.
  3069 | D:4      | 3069 ||| Stepping ~*~*~tactically~*~*~ (stealth).
  3072 | D:4      | Reached XP level 5. HP: 32/32 MP: 5/5
  3074 | D:4      | 3074 ||| Stepping ~*~*~tactically~*~*~ (hiding).
  3076 | D:4      | 3076 ||| Stepping ~*~*~tactically~*~*~ (stealth).
  3092 | D:4      | Reached skill level 1 in Dodging
  3241 | D:4      | Noticed a black bear
  3242 | D:4      | 3242 ||| Stepping ~*~*~tactically~*~*~ (stealth).
  3243 | D:4      | 3243 ||| Stepping ~*~*~tactically~*~*~ (stealth).
  3287 | D:4      | HP: 5/32 [gnoll/+0 spear (4)]
  3288 | D:4      | 3288 ||| READING scroll of teleportation.
  3289 | D:4      | HP: 2/32 [gnoll/+0 spear (3)]
  3716 | D:4      | 3716 ||| Stepping ~*~*~tactically~*~*~ (stealth).
  3777 | D:4      | Reached skill level 5 in Axes
  3890 | D:4      | Identified the amulet "Texiyb" {RegenMP Drain rPois Str-5
                  | SInv}
  3923 | D:4      | Noticed Ijyb
  3923 | D:4      | Paralysed by Ijyb for 5 turns
  3930 | D:4      | Paralysed by Ijyb for 5 turns
  3938 | D:4      | Paralysed by Ijyb for 2 turns
  3944 | D:4      | Killed Ijyb
  3945 | D:4      | Reached XP level 6. HP: 23/38 MP: 6/6
  4259 | D:4      | 4259 ||| UPGRADING to +0 chain mail.
  4269 | D:4      | 4269 ||| DROPPING +0 scale mail.
  4270 | D:4      | 4270 ||| UPGRADING to +1 helmet.
  4275 | D:4      | 4275 ||| UPGRADING to +2 scale mail of fire resistance.
  4285 | D:4      | 4285 ||| DROPPING amulet "Texiyb" {RegenMP Drain rPois
                  | Str-5 SInv}.
  4286 | D:4      | 4286 ||| READING scroll labelled TUVYEG BYLAMU.
  4287 | D:4      | 4287 ||| READING scroll labelled OMPONNU YWEUH.
  4288 | D:4      | 4288 ||| DRINKING 2 lumpy red potions.
  4299 | D:5      | Entered Level 5 of the Dungeon
  4299 | D:5      | Noticed a black bear
  4305 | D:5      | Killed a black bear
  4317 | D:5      | Noticed an ice beast
  4323 | D:5      | Killed an ice beast
  4324 | D:5      | Reached skill level 6 in Axes
  4377 | D:5      | Reached XP level 7. HP: 42/43 MP: 7/7
  4395 | D:5      | Found a stormy altar of Qazlal.
  4395 | D:5      | Found an ancient bone altar of Kikubaaqudgha.
  4401 | D:5      | Found a shimmering altar of Xom.
  4407 | D:5      | Found a sparkling altar of Nemelex Xobeh.
  4408 | D:5      | Found a sacrificial altar of Ru.
  4424 | D:5      | Found an iron altar of Okawaru.
  4428 | D:5      | Found a shadowy altar of Dithmenos.
  4619 | D:5      | Reached skill level 7 in Axes
  4705 | D:5      | 4705 ||| Stepping ~*~*~tactically~*~*~ (hiding).
  4897 | D:5      | 4897 ||| READING scroll labelled TUOCRU NIGRI.
  4898 | D:5      | 4898 ||| READING scroll labelled CIR NEFOUMIN.
  4899 | D:5      | 4899 ||| READING scroll labelled JUITHR WUNIHOEL.
  4900 | D:5      | 4900 ||| DRINKING 2 smoky clear potions.
  4900 | D:5      | Gained mutation: You passively map a small area around you.
                  | [potion of mutation]
  4900 | D:5      | Gained mutation: Your spells are a little harder to cast,
                  | but a little more powerful. [potion of mutation]
  4900 | D:5      | Gained mutation: You have large cloven feet. [potion of
                  | mutation]
  4901 | D:5      | 4901 ||| READING 2 scrolls of identify.
  4901 | D:5      | 4901 ||| IDENTIFYING fizzy grey potion
  4902 | D:5      | 4902 ||| DROPPING potion of degeneration.
  4930 | D:5      | Became a worshipper of Warmaster Okawaru
  4982 | D:6      | 4982 ||| READING scroll of acquirement.
  4982 | D:6      | 4982 ||| ACQUIRING +0 broad axe of electrocution
  4982 | D:6      | Acquired a +0 broad axe of electrocution
  4984 | D:6      | 4984 ||| SWAPPING to +0 broad axe of electrocution.
  4985 | D:6      | 4985 ||| DROPPING +1 war axe of electrocution.
  5136 | D:6      | Reached XP level 8. HP: 49/49 MP: 8/8
  5229 | D:6      | Reached skill level 1 in Throwing
  5792 | D:6      | 5792 ||| READING scroll labelled WAILAE RIUNAZE.
  5849 | D:6      | 5849 ||| READING scroll labelled TEDOOBR IVUEM.
  5850 | D:6      | 5850 ||| DRINKING 3 glowing green potions.
  5851 | D:6      | 5851 ||| DROPPING 2 potions of flight.
  5882 | D:7      | Reached * piety under Okawaru
  5883 | D:7      | 5883 ||| INVOKING Heroism.
  5889 | D:7      | Reached skill level 1 in Invocations
  5904 | D:7      | 5904 ||| READING scroll of enchant armour.
  5904 | D:7      | 5904 ||| ENCHANTING +0 pair of gloves.
  5920 | D:7      | Noticed qw's ghost (novice MiBe)
  5921 | D:7      | Found a runed translucent gate.
  5925 | D:7      | Found a runed translucent gate.
  5926 | D:7      | Found a runed translucent gate.
  6041 | D:7      | Found a staircase to the Ecumenical Temple.
  6044 | D:7      | 6044 ||| Stepping ~*~*~tactically~*~*~ (hiding).
  6049 | D:7      | 6049 ||| INVOKING Heroism.
  6128 | D:7      | 6128 ||| INVOKING Heroism.
  6133 | D:7      | Reached skill level 8 in Axes
  6133 | D:7      | Reached skill level 3 in Invocations
  6295 | D:7      | 6295 ||| INVOKING Heroism.
  6296 | D:7      | 6296 ||| Stepping ~*~*~tactically~*~*~ (hiding).
  6297 | D:7      | 6297 ||| Stepping ~*~*~tactically~*~*~ (hiding).
  6307 | D:7      | Reached XP level 9. HP: 47/55 MP: 9/12
  6312 | D:7      | Reached skill level 6 in Fighting
  6610 | D:7      | 6610 ||| READING 3 scrolls of identify.
  6610 | D:7      | 6610 ||| IDENTIFYING fuming brown potion
  6611 | D:7      | 6611 ||| READING 2 scrolls of identify.
  6611 | D:7      | 6611 ||| IDENTIFYING grey potion
  6644 | D:8      | Noticed Erica
  6645 | D:8      | 6645 ||| INVOKING Heroism.
  6657 | D:8      | Killed Erica
  6657 | D:8      | Reached ** piety under Okawaru
  6658 | D:8      | Reached skill level 9 in Axes
  6816 | D:8      | 6816 ||| INVOKING Heroism.
  6834 | D:8      | 6834 ||| Stepping ~*~*~tactically~*~*~ (stealth).
  6835 | D:8      | 6835 ||| Stepping ~*~*~tactically~*~*~ (stealth).
  6842 | D:8      | 6842 ||| Stepping ~*~*~tactically~*~*~ (stealth).
  6949 | D:8      | Noticed a white ugly thing
  6949 | D:8      | Noticed a centaur warrior
  6949 | D:8      | Noticed a guardian serpent
  6950 | D:8      | 6950 ||| Stepping ~*~*~tactically~*~*~ (hiding).
  6951 | D:8      | 6951 ||| INVOKING Heroism.
  6959 | D:8      | Noticed a four-headed hydra
  6960 | D:8      | 6960 ||| SWAPPING to +0 whip.
  6961 | D:8      | HP: 12/57 [four-headed hydra (11)]
  6962 | D:8      | 6962 ||| READING scroll of teleportation.
  6963 | D:8      | 6963 ||| DRINKING 2 potions of heal wounds.
  6968 | D:8      | 6968 ||| SWAPPING to +0 broad axe of electrocution.
  7043 | D:8      | 7043 ||| INVOKING Heroism.
  7049 | D:8      | Killed a white ugly thing
  7049 | D:8      | Reached *** piety under Okawaru
  7050 | D:8      | Reached skill level 10 in Axes
  7050 | D:8      | Reached XP level 10. HP: 58/63 MP: 10/13
  7098 | D:8      | 7098 ||| INVOKING Heroism.
  7116 | D:8      | 7116 ||| DROPPING +0 whip.
  7156 | D:8      | Reached skill level 3 in Dodging
  7156 | D:8      | 7156 ||| INVOKING Heroism.
  7183 | D:8      | 7183 ||| INVOKING Heroism.
  7284 | D:8      | 7284 ||| INVOKING Heroism.
  7420 | D:8      | Noticed a quicksilver ooze
  7421 | D:8      | 7421 ||| INVOKING Heroism.
  7429 | D:8      | Killed a quicksilver ooze
  7429 | D:8      | Reached **** piety under Okawaru
  7430 | D:8      | Reached skill level 9 in Fighting
  7457 | D:8      | 7457 ||| INVOKING Heroism.
  7459 | D:8      | 7459 ||| SWAPPING to +0 flail.
  7460 | D:8      | Killed a centaur warrior
  7471 | D:8      | Killed a four-headed hydra
  7471 | D:8      | Reached ***** piety under Okawaru
  7471 | D:8      | Received a gift from Okawaru
  7472 | D:8      | 7472 ||| SWAPPING to +0 broad axe of electrocution.
  7679 | D:8      | Noticed Gastronok
  7680 | D:8      | 7680 ||| INVOKING Heroism.
  7693 | D:8      | Killed Gastronok
  7694 | D:8      | Reached skill level 11 in Axes
  7694 | D:8      | Reached skill level 6 in Invocations
  7694 | D:8      | Reached XP level 11. HP: 55/71 MP: 12/15
  7818 | D:8      | 7818 ||| Stepping ~*~*~tactically~*~*~ (hiding).
  7818 | D:8      | Noticed Amaemon
  7819 | D:8      | 7819 ||| INVOKING Heroism.
  7821 | D:8      | 7821 ||| STAIRDANCE
  7827 | D:7      | Killed Amaemon
  7891 | D:7      | 7891 ||| DROPPING +0 flail.
  7929 | D:7      | 7929 ||| READING scroll labelled ZUDUMIF HUFIWU.
  8081 | D:8      | 8081 ||| Stepping ~*~*~tactically~*~*~ (stealth).
  8082 | D:8      | 8082 ||| Stepping ~*~*~tactically~*~*~ (stealth).
  8083 | D:8      | 8083 ||| INVOKING Heroism.
  8085 | D:8      | 8085 ||| Stepping ~*~*~tactically~*~*~ (stealth).
  8093 | D:8      | 8093 ||| Stepping ~*~*~tactically~*~*~ (stealth).
  8098 | D:8      | 8098 ||| Stepping ~*~*~tactically~*~*~ (stealth).
  8224 | D:8      | 8224 ||| Stepping ~*~*~tactically~*~*~ (stealth).
  8227 | D:8      | 8227 ||| Stepping ~*~*~tactically~*~*~ (hiding).
  8231 | D:8      | 8231 ||| INVOKING Heroism.
  8354 | D:8      | 8354 ||| Stepping ~*~*~tactically~*~*~ (stealth).
  8356 | D:8      | 8356 ||| Stepping ~*~*~tactically~*~*~ (stealth).
  8358 | D:8      | 8358 ||| Stepping ~*~*~tactically~*~*~ (stealth).
  8360 | D:8      | 8360 ||| Stepping ~*~*~tactically~*~*~ (stealth).
  8362 | D:8      | 8362 ||| Stepping ~*~*~tactically~*~*~ (stealth).
  8364 | D:8      | 8364 ||| Stepping ~*~*~tactically~*~*~ (stealth).
  8366 | D:8      | 8366 ||| Stepping ~*~*~tactically~*~*~ (stealth).
  8507 | D:9      | 8507 ||| INVOKING Heroism.
  8588 | D:9      | Found a glowing golden altar of the Shining One.
  8638 | D:9      | Noticed a two-headed ogre
  8639 | D:9      | 8639 ||| INVOKING Heroism.
  8645 | D:9      | Killed a two-headed ogre
  8793 | D:9      | 8793 ||| INVOKING Heroism.
  8834 | D:9      | Found an ornate altar of the Wu Jian Council.
  8948 | D:9      | 8948 ||| INVOKING Heroism.
  9011 | D:9      | Found a hazy altar of Hepliaklqana.
  9012 | D:9      | Found a glowing silver altar of Zin.
  9170 | D:10     | Entered Level 10 of the Dungeon
  9184 | D:10     | Noticed Joseph
  9185 | D:10     | 9185 ||| INVOKING Heroism.
  9192 | D:10     | Reached ****** piety under Okawaru
  9203 | D:10     | Killed Joseph
  9204 | D:10     | Reached skill level 12 in Axes
  9215 | D:10     | 9215 ||| Stepping ~*~*~tactically~*~*~ (stealth).
  9421 | D:10     | Noticed Josephine
  9422 | D:10     | 9422 ||| Stepping ~*~*~tactically~*~*~ (hiding).
  9423 | D:10     | 9423 ||| Stepping ~*~*~tactically~*~*~ (hiding).
  9427 | D:10     | 9427 ||| INVOKING Heroism.
  9431 | D:10     | Reached skill level 6 in Shields
  9431 | D:10     | Reached skill level 9 in Invocations
  9440 | D:10     | Killed Josephine
  9440 | D:10     | Received a gift from Okawaru
  9441 | D:10     | Reached XP level 12. HP: 71/76 MP: 16/19
  9584 | D:10     | Found Woumuydu's Book Shoppe.
  9603 | D:10     | 9603 ||| Stepping ~*~*~tactically~*~*~ (hiding).
  9605 | D:10     | 9605 ||| FLEEEEING.
  9608 | D:10     | 9608 ||| INVOKING Heroism.
  9831 | D:10     | 9831 ||| Stepping ~*~*~tactically~*~*~ (stealth).
  9832 | D:10     | 9832 ||| INVOKING Heroism.
  9904 | D:10     | 9904 ||| UPGRADING to +2 kite shield.
  9914 | D:10     | 9914 ||| DROPPING +0 buckler.
  9915 | D:10     | 9915 ||| READING scroll labelled BAMENE PIGAROR.
  9929 | D:11     | Noticed a two-headed ogre
  9930 | D:11     | 9930 ||| Stepping ~*~*~tactically~*~*~ (stealth).
  9936 | D:11     | 9936 ||| Stepping ~*~*~tactically~*~*~ (stealth).
  9946 | D:11     | 9946 ||| Stepping ~*~*~tactically~*~*~ (stealth).
  9952 | D:11     | Killed a two-headed ogre
 10092 | D:11     | 10092 ||| Stepping ~*~*~tactically~*~*~ (stealth).
 10094 | D:11     | 10094 ||| INVOKING Heroism.
 10116 | D:11     | 10116 ||| Stepping ~*~*~tactically~*~*~ (stealth).
 10283 | D:11     | Noticed a six-headed hydra
 10284 | D:11     | 10284 ||| Stepping ~*~*~tactically~*~*~ (stealth).
 10289 | D:11     | 10289 ||| INVOKING Heroism.
 10291 | D:11     | 10291 ||| SWAPPING to +0 demon whip of venom.
 10292 | D:11     | 10292 ||| INVOKING Finesse.
 10297 | D:11     | Killed a six-headed hydra
 10298 | D:11     | 10298 ||| SWAPPING to +0 broad axe of electrocution.
 10354 | D:11     | 10354 ||| Stepping ~*~*~tactically~*~*~ (stealth).
 10437 | D:11     | 10437 ||| INVOKING Heroism.
 10438 | D:11     | Identified the +4 ring mail of Articulation {rPois rF-
                  | Regen+ Dex+8} (Okawaru gifted it to you on level 11 of the
                  | Dungeon)
 10438 | D:11     | Received a gift from Okawaru
 10519 | D:11     | Found a staircase to the Lair.
 10692 | D:11     | Noticed a centaur warrior
 10692 | D:11     | Noticed a centaur warrior
 10693 | D:11     | Noticed a boulder beetle
 10694 | D:11     | 10694 ||| INVOKING Heroism.
 10695 | D:11     | 10695 ||| INVOKING Finesse.
 10696 | D:11     | Noticed a fire dragon
 10697 | D:11     | Killed a centaur warrior
 10698 | D:11     | Reached skill level 3 in Throwing
 10702 | D:11     | Noticed a tengu warrior
 10703 | D:11     | Killed a centaur warrior
 10707 | D:11     | HP: 16/77 [fire dragon/blast of flame (5)]
 10708 | D:11     | 10708 ||| READING 2 scrolls of teleportation.
 10709 | D:11     | 10709 ||| DRINKING 2 potions of heal wounds.
 10715 | D:11     | Killed a boulder beetle
 10716 | D:11     | Reached skill level 9 in Shields
 10717 | D:11     | Killed a fire dragon
 10719 | D:11     | HP: 10/77 [orc priest/divine providence (12)]
 10719 | D:11     | Killed from afar by an orc priest

Levels and vault maps discovered:
D:1:      kennysheep_arrival_seaside, layout_rooms,
          dreamdust_ecumenical_altar_statues, chequers_mini_garden
D:2:      layout_basic, minmay_circle_x
D:3:      layout_loops_ring, amcnicky_mini_pool_small,
          chequers_serial_rivers_marsh, minmay_misc_feat_ornament
D:4:      layout_gridville, kennysheep_generic_room_14, uniq_ijyb
D:5:      layout_cave_pools, nicolae_overflow_hallway_of_the_gods,
          chequers_serial_rivers_room_b
D:6:      layout_loops_ring, corexii_shack, kennysheep_cross_room
D:7:      layout_gridville, minmay_temple_entry_large_hall,
          gammafunk_ghost_split
D:8:      nzn_winding_woodlands_stair_cross
          [nzn_winding_woodlands_5x15_sidewinder,
          nzn_winding_woodlands_center_lodge,
          nzn_winding_woodlands_5x15_pockets, nzn_winding_woodlands_5x5_default,
          nzn_winding_woodlands_5x5_default,
          nzn_winding_woodlands_5x15_split_checker,
          nzn_winding_woodlands_center_triple_pond,
          nzn_winding_woodlands_5x15_sawtooth], layout_basic, uniq_gastronok,
          uniq_amaemon, uniq_erica
D:9:      layout_irregular_city, mainiacjoe_overflow_catwalk,
          nzn_wu_jian_contemplation, mainiacjoe_overflow_divided_tiny
D:10:     layout_roguey, serial_shops, nicolae_diamond_shop, enter_bailey_5,
          uniq_josephine, uniq_joseph
D:11:     minmay_the_grid_four_pointed_star_mashed
          [minmay_the_grid_triangle_9x9_impossible_snake,
          minmay_the_grid_triangle_9x9_intruding_spiral,
          minmay_the_grid_triangle_9x9_wacky_v,
          minmay_the_grid_triangle_9x9_shrine,
          minmay_the_grid_prize_inner_circle], layout_rooms,
          grunt_lair_entry_orc_guard_hut, david_orc_4

Skill      XL: |  1  2  3  4  5  6  7  8  9 10 11 12 |
---------------+-------------------------------------+-----
Axes           | 2 3 4 5 6 7 8 10 11 12 | 12.0
Dodging        | 1 2 3 |  3.0
Fighting       | 4 5 7 9 |  9.8
Throwing       | 1 3 |  3.1
Invocations    | 4 6 9 10 | 10.0
Shields        | 4 5 6 9 |  9.5
Armour         | 4 5 |  5.0

Action                   |  1- 3 |  4- 6 |  7- 9 | 10-12 || total
-------------------------+-------+-------+-------+-------++-------
Melee: War axe           |   104 |    92 |    47 |       ||   243
       Broad axe         |       |       |   117 |   297 ||   414
       Kick              |       |       |    29 |    97 ||   126
       Whip              |       |       |     5 |       ||     5
       Flail             |       |       |       |    11 ||    11
       Demon whip        |       |       |       |     5 ||     5
Throw: Boomerang         |    19 |    72 |    37 |    52 ||   180
       Javelin           |       |       |       |     5 ||     5
Invok: Heroism           |       |       |     8 |    22 ||    30
       Finesse           |       |       |       |     2 ||     2
  Use: Scroll            |     3 |     9 |    11 |     3 ||    26
       Potion            |     1 |     4 |     3 |     1 ||     9
Armor: Scale mail        |    66 |    41 |    73 |   115 ||   295
Dodge: Dodged            |    42 |    33 |    72 |   101 ||   248
Block: Buckler           |    14 |    39 |    86 |   120 ||   259
       Reflection        |       |     4 |     2 |    32 ||    38
       Kite shield       |       |       |       |    82 ||    82

Table legend:
 A = Non-vault XP
 B = Vault XP
 C = Vault XP percentage of total XP
 D = Non-vault monster count
 E = Vault monster count
 F = Vault count percentage of total count
                 A         B        C        D         E       F
            +---------+---------+-------+---------+---------+-------
      Total |   12039 |   15332 |  56.0 |     198 |      60 |  23.3
            +---------+---------+-------+---------+---------+-------
        D:1 |      59 |       0 |   0.0 |      28 |       0 |   0.0
        D:2 |      21 |      18 |  46.2 |      10 |       9 |  47.4
        D:3 |      63 |       0 |   0.0 |      20 |       0 |   0.0
        D:4 |     149 |      36 |  19.5 |      25 |       1 |   3.8
        D:5 |     655 |       0 |   0.0 |      17 |       0 |   0.0
        D:6 |     527 |       1 |   0.2 |      12 |       1 |   7.7
        D:7 |     990 |     776 |  43.9 |      13 |       1 |   7.1
        D:8 |    1136 |    7909 |  87.4 |      26 |      28 |  51.9
        D:9 |    3379 |       0 |   0.0 |      21 |       0 |   0.0
       D:10 |    1738 |    2409 |  58.1 |      11 |      11 |  50.0
       D:11 |    3322 |    4183 |  55.7 |      15 |       9 |  37.5
            +---------+---------+-------+---------+---------+-------
